 Dungeon Crawl Stone Soup version 0.25-a0-164-gb55e97dba5 (webtiles) character file.

Game seed: 2454678261421215854, levelgen mode: deterministic

199 Leeroy the Skirmisher (level 5, -1/46 HPs)
             Began as a Draconian Conjurer on Nov 22, 2019.
             Slain by Edmund
             ... wielding a +2 dire flail of holy wrath
              (10 damage)
             ... on level 5 of the Dungeon.
             The game lasted 00:10:12 (4638 turns).

Leeroy the Skirmisher (Draconian Conjurer)          Turns: 4638, Time: 00:10:14

Health: -1/46      AC:  5    Str: 11    XL:     5   Next: 48%
Magic:  10/10      EV: 12    Int: 15    God:
Gold:   122        SH:  0    Dex: 12    Spells: 0/10 levels left

rFire    . . .     SeeInvis .   n - +1 hand axe (chop)
rCold    . . .     Gourm    .   (no shield)
rNeg     . . .     Faith    .   (armour unavailable)
rPois    .         Spirit   .   (helmet restricted)
rElec    .         Reflect  .   (no cloak)
rCorr    .         Harm     .   (no gloves)
MR       .....                  (no boots)
Stlth    +.........             (no amulet)
HPRegen  0.15/turn              (no ring)
MPRegen  0.12/turn              (no ring)

@: confused
A: unfitting armour, cold-blooded, AC +5
a: no special abilities


You were on level 5 of the Dungeon.
You were hungry.

You visited 1 branch of the dungeon, and saw 5 of its levels.

You collected 122 gold pieces.

Inventory:

Hand Weapons
 g - a +0 club
 j - a +0 dagger of pain
 n - a +1 hand axe of chopping (weapon)
 o - a +0 short sword
 s - a +2 vampiric whip
Missiles
 c - 3 poisoned darts
 p - a throwing net (quivered)
 t - 4 datura-tipped darts
Scrolls
 a - 5 scrolls of identify
 d - a scroll of remove curse
 f - a scroll of enchant armour {unknown}
 h - a scroll of amnesia
 i - a scroll of teleportation
 k - a scroll of fog {unknown}
 l - a scroll of blinking {unknown}
 q - 3 scrolls of magic mapping {unknown}
 r - 2 scrolls of noise {unknown}
Potions
 m - a potion of haste
Comestibles
 b - 4 rations


   Skills:
 - Level 4.3 Fighting
 - Level 0.1 Short Blades
 - Level 2.1 Dodging
 - Level 1.7 Stealth
 + Level 3.4 Spellcasting
 - Level 4.0 Conjurations
 - Level 0.1 Hexes


You couldn't memorise any spells.
You knew the following spells:

 Your Spells              Type           Power        Failure   Level  Hunger
a - Magic Dart            Conj           ##..         3%          1    None
b - Searing Ray           Conj           ##....       5%          2    ##.....
c - Dazzling Spray        Conj/Hex       #.....       24%         3    ###....
d - Iskenderun's Mystic   Conj           ##......     36%         4    ####...

Your spell library contained the following spells:

 Spells                   Type           Power        Failure   Level  Hunger
 Confusing Touch          Hex            #.....       19%         1    None
 Confuse                  Hex            #.......     47%         3    ###....
 Gell's Gravitas          Tloc           #.........   50%         3    ###....
 Force Lance              Conj/Tloc      #.......     63%         4    ####...
 Fulminant Prism          Conj/Hex       #.........   63%         4    ####...
 Petrify                  Tmut/Erth      #.......     88%         4    ####...
 Metabolic Englaciation   Hex/Ice        #.........   99%         5    ######.
 Yara's Violent Unravell  Hex/Tmut       #.........   99%         5    ######.


Dungeon Overview and Level Annotations

Branches:
Dungeon (5/15)
 Temple: D:4-7

Altars:
Qazlal
Wu Jian

Annotations:
D:5 Edmund


Innate Abilities, Weirdness & Mutations

Your plain brown scales are hard. (AC +5)
You cannot fit into any form of body armour.
You are cold-blooded and may be slowed by cold attacks.


Message History

You are more confused.
Edmund hits you with a +2 dire flail of holy wrath.
Something hits you.
* * * LOW HITPOINT WARNING * * *
Unknown command.
You closely miss Edmund.
Edmund is moderately wounded.
You miss something. You barely miss something. Something hits you.
Edmund hits you with a +2 dire flail of holy wrath!
* * * LOW HITPOINT WARNING * * *
Something hits you.
* * * LOW HITPOINT WARNING * * *
You barely miss the orc.
The orc is heavily wounded.
You closely miss Edmund. You miss something.
You hit something but do no damage. Something hits you!
* * * LOW HITPOINT WARNING * * *
The orc closely misses you.
Edmund hits you with a +2 dire flail of holy wrath!
You die...

## .# ≈≈
#####.# ≈#
#...#.##≈# #
#.....#≈≈#
#.#....##≈≈#
#...@@.#≈≈#
#..o.{.≈≈≈#
##.#.##.≈##
#.#.##.≈#
#.#.##.##
#.#.##.#
#$.....#
####.####..
#...........


You could see Edmund and an orc.

Vanquished Creatures
  A centaur (D:3)
  5 adders
  An ooze (D:2)
  A worm (D:3)
  3 dart slugs
  2 leopard geckos
  3 orcs (D:3)
  4 bats
  3 giant cockroaches
  5 hobgoblins
  6 kobolds
  2 quokkas
  A ball python (D:3)
  7 frilled lizards
  9 goblins
  5 rats
58 creatures vanquished.

Notes
Turn   | Place    | Note
-------+----------+-------------------------------------------
     0 | D:1      | Leeroy the Draconian Conjurer began the quest for the Orb.
     0 | D:1      | Reached XP level 1. HP: 14/14 MP: 3/3
  1111 | D:2      | Reached skill level 1 in Fighting
  1111 | D:2      | Reached XP level 2. HP: 20/23 MP: 5/5
  1119 | D:2      | Learned a level 2 spell: Searing Ray
  1410 | D:2      | Reached XP level 3. HP: 29/30 MP: 6/6
  1477 | D:2      | Learned a level 3 spell: Dazzling Spray
  1923 | D:2      | Found a stormy altar of Qazlal.
  2101 | D:2      | Reached XP level 4. HP: 40/40 MP: 7/7
  3328 | D:3      | Noticed a centaur
  3570 | D:3      | Found an ornate altar of the Wu Jian Council.
  3632 | D:3      | Killed a centaur
  3632 | D:3      | Reached XP level 5. HP: 24/46 MP: 2/10
  3891 | D:4      | Noticed an ogre
  3900 | D:3      | Learned a level 4 spell: Iskenderun's Mystic Blast
  4130 | D:4      | Noticed a phantom
  4618 | D:5      | Entered Level 5 of the Dungeon
  4618 | D:5      | Noticed Edmund
  4638 | D:5      | Slain by Edmund

Levels and vault maps discovered:
D:1:      psy_arrival_basics, layout_basic
D:2:      layout_loops_ring, lemuel_coloured_pillars_altar, hex_tiny
D:3:      layout_loops_ring, nicolae_overflow_hidden_temple
D:4:      layout_rooms, gammafunk_ghost_cemetery, saegor_snake_ambush
D:5:      layout_loops_cross, gammafunk_ghost_necromancy, first_ration,
          gup_sewer_entry_spiral, chequers_serial_rivers_large_b,
          supply_closet_lemuel, minmay_a_box_with_orc_wizards_in_it,
          uniq_eustachio, uniq_edmund, uniq_sigmund, uniq_blork_the_orc

Skill      XL: |  1  2  3  4 |
---------------+-------------+-----
Dodging        | 2 |  2.1
Fighting       | 1 2 3 4 |  4.3
Spellcasting   | 3 |  3.4
Short Blades   | |  0.1
Stealth        | |  1.7
Conjurations   | |  4.0
Hexes          | |  0.1

Action                   |  1- 3 |  4- 6 || total
-------------------------+-------+-------++-------
Melee: Unarmed           |   116 |       ||   116
       Tailslap          |    16 |    21 ||    37
       Dagger            |    42 |   143 ||   185
       Whip              |       |    11 ||    11
       Hand axe          |       |    34 ||    34
 Cast: Magic Dart        |     8 |    10 ||    18
       Searing Ray       |     3 |     3 ||     6
       Dazzling Spray    |       |     5 ||     5
       Iskenderun's Myst |       |     2 ||     2
  Use: Scroll            |       |     5 ||     5
       Potion            |       |     3 ||     3
 Stab: Sleeping          |     2 |     4 ||     6
  Eat: Chunk             |     4 |     6 ||    10
       Ration            |       |     1 ||     1
Armor: Skin              |    43 |    40 ||    83
Dodge: Dodged            |    89 |   143 ||   232

Table legend:
 A = Non-vault XP
 B = Vault XP
 C = Vault XP percentage of total XP
 D = Non-vault monster count
 E = Vault monster count
 F = Vault count percentage of total count
                 A         B        C        D         E       F
            +---------+---------+-------+---------+---------+-------
      Total |     285 |       0 |   0.0 |      58 |       0 |   0.0
            +---------+---------+-------+---------+---------+-------
        D:1 |       9 |       0 |   0.0 |       6 |       0 |   0.0
        D:2 |      99 |       0 |   0.0 |      27 |       0 |   0.0
        D:3 |     176 |       0 |   0.0 |      24 |       0 |   0.0
        D:4 |       1 |       0 |   0.0 |       1 |       0 |   0.0
            +---------+---------+-------+---------+---------+-------
